Map: Dusk Towers

Players

brIdIotbAlL

  • Race: Protoss Protoss

IamDrizzt

  • Race: Protoss Protoss
  • League: Diamond

Minimal

  • Race: Protoss Protoss

MorN

  • Race: Protoss Protoss
  • League: Platinum

VOD

Have the link to the VOD?

Description

Time

  • Played on: Nov. 11, 2015, 8:04 p.m.
  • Length: 5:49
Show
View Real Time Build Order
Export as new Build Order

brIdIotbAlL Protoss 

Build Orders: 1 Gate Expand 

Get SALT Encoding   

  12  0:01  Probe (Chrono Boost)  
  13  0:12  Probe (Chrono Boost)  
  14  0:18  Pylon  
  14  0:22  Probe (Chrono Boost)  
  15  0:37  Probe (Chrono Boost)  
  15  0:38  Gateway  
  16  0:47  Probe (Chrono Boost)  
  17  0:58  Probe (Chrono Boost)  
  18  1:18  Nexus  
  18  1:26  Cybernetics Core  
  18  1:32  Probe (Chrono Boost), Assimilator  
  19  1:46  Pylon  
  19  1:50  Gateway  
  19  1:54  Assimilator  
  19  2:06  Probe (Chrono Boost)  
  20  2:09  Adept  
  22  2:19  Probe (Chrono Boost)  
  23  2:25  Pylon  
  24  2:30  Probe (Chrono Boost)  
  24  2:32  Probe (Chrono Boost)  
  24  2:41  Mothership Core (Chrono Boost)  
  26  2:51  Adept  
  28  2:52  Warp Gate  
  28  2:58  Adept  
  30  2:59  Probe (Chrono Boost)  
  31  3:09  Probe (Chrono Boost)  
  31  3:12  Probe (Chrono Boost)  
  33  3:20  Probe (Chrono Boost)  
  33  3:23  Probe (Chrono Boost)  
  33  3:24  Adept  
  37  3:30  Probe (Chrono Boost)  
  37  3:33  Probe (Chrono Boost)  
  39  3:34  Pylon  
  40  3:41  Probe (Chrono Boost)  
  40  3:44  Probe (Chrono Boost)  
  41  3:59  Probe (Chrono Boost)  
  41  4:00  Stalker  
  41  4:01  Stalker  
  41  4:10  Probe (Chrono Boost)  
  41  4:29  Probe (Chrono Boost)  
  37  4:41  Gateway  
  37  4:44  Probe (Chrono Boost)  
  34  4:47  Gateway  
  29  4:54  Probe (Chrono Boost)  
  28  5:01  Probe (Chrono Boost)  
  28  5:05  Probe (Chrono Boost)  
  30  5:12  Probe (Chrono Boost)  
  27  5:15  Probe (Chrono Boost)  
  28  5:26  Probe (Chrono Boost)  
  20  5:38  Sentry  
  20  5:39  Sentry x2  
Show
View Real Time Build Order
Export as new Build Order

IamDrizzt Protoss 

Build Orders: Mass Adepts 

Get SALT Encoding   

  12  0:00  Probe (Chrono Boost)  
  13  0:12  Probe (Chrono Boost)  
  14  0:20  Pylon  
  14  0:23  Probe (Chrono Boost)  
  15  0:38  Probe (Chrono Boost)  
  15  0:39  Gateway  
  16  0:46  Assimilator  
  16  0:49  Probe (Chrono Boost)  
  17  1:00  Probe (Chrono Boost)  
  17  1:01  Assimilator  
  18  1:10  Probe (Chrono Boost)  
  19  1:21  Probe (Chrono Boost)  
  19  1:23  Pylon  
  20  1:31  Probe (Chrono Boost)  
  21  1:33  Cybernetics Core  
  21  1:42  Probe (Chrono Boost)  
  21  1:45  Gateway  
  22  1:52  Probe (Chrono Boost)  
  23  2:01  Gateway  
  23  2:03  Probe (Chrono Boost)  
  23  2:07  Pylon  
  24  2:13  Adept  
  26  2:17  Warp Gate (Chrono Boost)  
  26  2:22  Probe (Chrono Boost)  
  27  2:33  Mothership Core, Adept  
  31  2:43  Adept  
  33  2:50  Adept  
  35  2:55  Pylon  
  35  3:02  Adept  
  36  3:16  Probe  
  36  3:18  Adept  
  36  3:19  Adept  
  41  3:29  Adept  
  43  3:44  Pylon  
  41  4:07  Adept x3  
  43  4:23  Nexus  
  43  4:32  Robotics Facility  
  43  4:35  Probe  
  42  4:43  Adept x2  
  46  4:47  Adept  
  46  4:48  Probe (Chrono Boost)  
  43  4:59  Probe (Chrono Boost)  
  38  5:10  Probe (Chrono Boost)  
  38  5:12  Adept x3  
  45  5:20  Probe (Chrono Boost)  
  44  5:29  Robotics Bay  
  44  5:32  Probe (Chrono Boost)  
  45  5:40  Adept  
Show
View Real Time Build Order
Export as new Build Order

Minimal Protoss 

Build Orders:  

Get SALT Encoding   

Show
View Real Time Build Order
Export as new Build Order

MorN Protoss 

Build Orders:  

Get SALT Encoding   

Tags
 
Add a new tag
Caveats
  • Supply blocks, unpowered buildings, or Contaminate may cause inaccurate times.
  • Supply counts are checked every 10 seconds.